AoeStats
← Mauricio 1783

Arena

510675229Analyzed
3v3 RM · 1d ago on Oct 2, 2026· 46m 43s· 6 players
Game mode
Random Map
Map size
Normal (6 player)
Population
200
Speed
Normal
Resources
Standard
Victory
Conquest
Starting age
Dark Age
Ending age
Imperial Age
RankedLock teamsTeams togetherTeam positionsShared explorationLock speedFull tech treeHidden civsTurbo modeCheats
Victory
Defeat
🇲🇽 Hindustanis · Mexico
1185
+8
🇲🇽 Japanese · Mexico
1047
+13
🇨🇱 Vietnamese · Chile
971
+16
🇨🇳 Mongols · China
1025
-14
🇨🇱 Koreans · Chile
984
-12
🇵🇪 Persians · Peru
945
-11
Mauricio 1783
8:18 Loom
10:08 Feudal Age
10:43 Loom
15:11 Castle Age
13:45 Fletching
13:41 Horse Collar
14:07 Double-Bit Axe
20:22 Forging
25:33 Scale Barding Armor
29:56 Imperial Age
29:10 Wheelbarrow
33:10 Gold Mining
33:56 Conscription
34:04 Town Watch
35:31 Iron Casting
36:25 Pikeman
38:53 Hand Cart
38:55 Scale Mail Armor
39:14 Halberdier
43:02 Chemistry
42:24 Ballistics
43:02 Chain Mail Armor
43:49 Blast Furnace
43:54 Chain Barding Armor
44:49 Plate Mail Armor
淡定种田
10:52 Feudal Age
14:52 Castle Age
13:48 Double-Bit Axe
14:33 Fletching
16:19 Loom
17:35 Fervor
27:45 Imperial Age
25:44 Bow Saw
25:35 Bodkin Arrow
25:41 Padded Archer Armor
26:46 Wheelbarrow
26:00 Town Watch
27:12 Leather Archer Armor
28:06 Ballistics
29:46 Chemistry
29:26 Bracer
30:35 Drill
30:37 Conscription
31:44 Husbandry
31:54 Bloodlines
31:55 Gold Mining
33:23 Parthian Tactics
33:03 Thumb Ring
33:30 Town Patrol
33:37 Capped Ram
35:03 Forging
34:59 Scale Barding Armor
35:30 Siege Engineers
36:16 Elite Mangudai
37:42 Gold Shaft Mining
36:59 Stone Mining
37:31 Onager
39:13 Iron Casting
38:59 Chain Barding Armor
39:55 Siege Onager
43:51 Blast Furnace
43:04 Elite Steppe Lancer
43:48 Scale Mail Armor
hianyzol
9:43 Feudal Age
11:27 Double-Bit Axe
16:37 Castle Age
14:41 Horse Collar
15:16 Gold Mining
17:50 Forging
19:49 Thumb Ring
19:50 Fletching
20:51 Gold Shaft Mining
19:53 Elite Skirmisher
21:29 Bodkin Arrow
23:06 Bow Saw
25:52 Stone Mining
27:49 Wheelbarrow
27:12 Loom
32:17 Imperial Age
29:35 Town Watch
31:19 Ballistics
31:43 Scale Barding Armor
32:07 Masonry
34:45 Chemistry
35:37 Heavy Plow
36:37 Chain Barding Armor
36:39 Bracer
38:33 Cavalier
39:15 Husbandry
39:54 Iron Casting
39:20 Scale Mail Armor
39:13 Treadmill Crane
39:57 Conscription
40:02 Eupseong
41:39 Two-Man Saw
41:31 Squires
41:17 Arson
42:18 Light Cavalry
43:28 Pikeman
45:30 Stone Shaft Mining
45:53 Chain Mail Armor
47:10 Architecture
46:09 Halberdier
46:18 Hussar
CMD_Deived
10:08 Feudal Age
13:48 Castle Age
12:25 Double-Bit Axe
12:41 Horse Collar
16:40 Bow Saw
20:14 Heavy Plow
26:17 Bloodlines
25:59 Gold Mining
26:12 Husbandry
26:25 Scale Barding Armor
26:31 Forging
26:30 Loom
26:38 Town Watch
27:37 Gold Shaft Mining
28:11 Wheelbarrow
28:02 Chain Barding Armor
28:23 Town Patrol
29:07 Stone Mining
32:20 Imperial Age
31:08 Iron Casting
31:08 Hand Cart
31:38 Stone Shaft Mining
31:07 Light Cavalry
32:27 Fletching
32:30 Hussar
34:12 Plate Barding Armor
34:38 Blast Furnace
34:07 Bodkin Arrow
34:57 Padded Archer Armor
35:22 Heavy Camel Rider
38:13 Bracer
38:14 Padded Archer Armor
38:37 Imperial Camel Rider
40:15 Ballistics
40:56 Chemistry
41:08 Conscription
40:51 Grand Trunk Road
41:29 Ballistics
41:35 Redemption
45:27 Two-Man Saw
Joe CMD
11:43 Feudal Age
15:41 Castle Age
13:42 Double-Bit Axe
14:10 Fletching
14:17 Horse Collar
15:21 Loom
16:16 Gold Mining
16:50 Bodkin Arrow
20:48 Padded Archer Armor
26:04 Leather Archer Armor
26:56 Thumb Ring
28:54 Ballistics
32:22 Imperial Age
29:50 Treadmill Crane
31:34 Scale Mail Armor
33:35 Wheelbarrow
34:23 Conscription
35:10 Yasama
36:27 Chemistry
35:59 Bracer
36:46 Parthian Tactics
36:47 Guard Tower
40:01 Ring Archer Armor
40:52 Keep
40:14 Murder Holes
40:57 Scale Barding Armor
40:19 Elite Skirmisher
41:14 Imperial Skirmisher
44:09 Bow Saw
44:17 Chain Mail Armor
45:08 Kataparuto
44:45 Stone Mining
45:31 Gold Shaft Mining
45:45 Pikeman
46:26 Squires
46:11 Arson
CMD_negroterrazas
10:20 Loom
12:05 Feudal Age
18:02 Castle Age
17:12 Forging
17:02 Scale Mail Armor
20:35 Scale Mail Armor
22:17 Fortified Wall
22:13 Double-Bit Axe
24:56 Squires
28:00 Squires
28:09 Horse Collar
30:23 Iron Casting
36:27 Imperial Age
37:15 Pikeman
37:41 Arson
39:14 Chain Mail Armor
41:17 Halberdier
42:31 Plate Mail Armor
45:49 Fletching
45:59 Padded Archer Armor
47:16 Bow Saw
47:07 Heavy Plow
Connection lost

Rejoining the realm…

Still unreachable

The connection could not be restored.

Session expired

The server has moved on; the page needs a fresh start.